 Dungeon Crawl Stone Soup version 0.23.2-40-g277498a001 (webtiles) character file.

Game seed: 7927712441851604160

757 Descartes the Shield-Bearer (level 8, -9/62 HPs)
             Began as a Formicid Fighter on Sept 11, 2019.
             Was a Follower of Lugonu.
             Mangled by a two-headed ogre
             ... wielding a cursed -3 giant spiked club
              (11 damage)
             ... on level 5 of the Dungeon on Sept 14, 2019.
             The game lasted 00:12:57 (3950 turns).

Descartes the Shield-Bearer (Formicid Fighter)      Turns: 3950, Time: 00:12:58

Health: -9/62      AC: 16    Str: 21    XL:     8   Next: 7%
Magic:  8/8        EV:  6    Int: 10    God:    Lugonu [*.....]
Gold:   640        SH: 11    Dex: 10    Spells: 7/7 levels left

rFire    . . .     SeeInvis +   H - -2 spear (curse)
rCold    . . .     Gourm    .   c - +1 shield
rNeg     . . .     Faith    .   A - +0 chain mail
rPois    .         Spirit   .   (helmet unavailable)
rElec    .         Reflect  .   (no cloak)
rCorr    .         Harm     .   e - +0 pair of gloves
MR       .....                  (no boots)
Stlth    ..........             (no amulet)
HPRegen  0.20/turn              q - +2 ring of protection
MPRegen  0.11/turn              t - +4 ring of protection

@: heavily drained
A: permanent stasis, dig shafts and tunnels, four strong arms, antennae 3
a: Dig, Shaft Self, Depart the Abyss, Renounce Religion


You were on level 5 of the Dungeon.
You worshipped Lugonu.
Lugonu was aware of your devotion.
You were not hungry.

You visited 2 branches of the dungeon, and saw 6 of its levels.
You also visited: Ossuary.

You collected 640 gold pieces.

Inventory:

Hand Weapons
 a - a +0 war axe
 u - a +0 rapier
 w - a +0 mace
 G - a +3 flail of holy wrath
 H - a cursed -2 spear (weapon)
Missiles
 h - 37 poisoned needles
 i - 63 bolts
 k - 3 needles of frenzy
 n - 31 sling bullets
 o - 122 stones
 r - 3 curare-tipped needles (quivered)
 v - 2 steel javelins
 y - 38 arrows
 z - 8 tomahawks
 B - 3 needles of sleeping
 F - 3 tomahawks of returning
Armour
 c - a +1 shield (worn)
 e - a +0 pair of gloves (worn)
 p - a cursed +0 ring mail
 A - a +0 chain mail (worn)
Jewellery
 q - a +2 ring of protection (left hand)
 t - a +4 ring of protection (right hand)
Scrolls
 l - 2 scrolls of identify
 E - 2 scrolls of fear
Potions
 d - a potion of might
 g - 2 potions of heal wounds
 j - 2 potions of invisibility
 m - a potion of magic
 x - a potion of ambrosia
Comestibles
 b - 6 chunks of flesh
 f - 10 rations


   Skills:
 + Level 5.2(3.1) Fighting
 - Level 2.0(0.0) Axes
 + Level 5.2(3.1) Armour
 + Level 3.0(1.0) Dodging
 * Level 7.2(5.0) Shields
 + Level 1.3(0.0) Invocations


You had 7 spell levels left.
You didn't know any spells.
Your spell library was empty.

Dungeon Overview and Level Annotations

Branches:
Dungeon (5/15)             Temple (1/1) D:4

Altars:
Cheibriados
Fedhas
Kikubaaqudgha
Okawaru
Qazlal
Ru
Uskayaw
Wu Jian
Zin
Lugonu


Innate Abilities, Weirdness & Mutations

You cannot be hasted, slowed, berserked, paralysed or teleported.
You can dig through walls and to a lower floor.
Your four strong arms can wield two-handed weapons with a shield.
You have a pair of large antennae on your head. (SInv)


Message History

Press: ? - help, Shift-Dir - straight line, f/p - two-headed ogre
Aim: a two-headed ogre, wielding a -3 giant spiked club and a +0 giant club (lightly wounded)
You toss away a curare-tipped needle.
The curare-tipped needle barely misses the two-headed ogre.
The orc shouts!
The two-headed ogre hits you with a cursed -3 giant spiked club!
The two-headed ogre hits you with a +0 giant club!!
* * * LOW HITPOINT WARNING * * *
Tossing away (i - inventory. (/) - cycle)
r - 4 curare-tipped needles (quivered)
Press: ? - help, Shift-Dir - straight line, f/p - two-headed ogre
Aim: a two-headed ogre, wielding a -3 giant spiked club and a +0 giant club (lightly wounded)
You toss away a curare-tipped needle.
The curare-tipped needle hits the two-headed ogre.
The two-headed ogre is lightly wounded.
You block the two-headed ogre's attack.
The two-headed ogre hits you with a +0 giant club!
* * * LOW HITPOINT WARNING * * *
A wight comes into view. It is wielding a +3 flail.
The two-headed ogre hits you with a cursed -3 giant spiked club!
You die...

#.≈.#≈≈#≈..........
##.##≈##≈..........
##...###≈≈..........
#.#.#.#≈≈...........
##.#..#≈#..)........
#≈..#≈#≈............
#.#..##≈≈≈..##.....?
##.≈..#≈#≈..##...)..
#.#@#.###≈..###'####
#oO#z≈##≈≈...#......
#(# #.#≈≈... #......
##{ ##≈.. #......
#...... #......
#...... #......
#......


You could see a two-headed ogre, a wight and an orc.

Vanquished Creatures
  A phantom (D:4)
  An ogre (D:4)
  A centaur (D:4)
  The ghost of Name63 the Magician, an amateur DEWz (D:4)
  A bullfrog skeleton (D:4)
  A human zombie (Ossuary)
  An orc wizard (D:5)
  3 worker ants
  2 big kobold zombies (Ossuary)
  2 mummies (Ossuary)
  4 gnolls
  5 adders
  An ooze (D:4)
  An adder skeleton (D:4)
  2 worms (D:3)
  3 dart slugs
  3 leopard geckos
  14 orcs
  3 bats (D:2)
  5 giant cockroaches
  11 goblins
  15 hobgoblins
  9 jackals
  A quokka (D:3)
  A ball python (D:2)
  2 ball python skeletons (D:4)
  8 frilled lizards
  A gnoll zombie (Ossuary)
  3 goblin zombies (Ossuary)
  2 hobgoblin zombies (Ossuary)
  A kobold (D:1)
  5 orc zombies (Ossuary)
  2 quokka skeletons
  A quokka zombie (D:5)
  6 rats
123 creatures vanquished.

Notes
Turn   | Place    | Note
-------+----------+-------------------------------------------
     0 | D:1      | Descartes the Formicid Fighter began the quest for the Orb.
     0 | D:1      | Reached XP level 1. HP: 18/18 MP: 1/1
   157 | D:1      | Reached XP level 2. HP: 24/24 MP: 2/2
   299 | D:1      | Reached skill level 4 in Shields
   546 | D:1      | Reached XP level 3. HP: 28/29 MP: 3/3
   836 | D:2      | Reached skill level 1 in Dodging
   934 | D:2      | Reached XP level 4. HP: 33/37 MP: 4/4
  1116 | D:2      | Found an iron altar of Okawaru.
  1338 | D:3      | Reached XP level 5. HP: 37/42 MP: 5/5
  1345 | D:3      | Reached skill level 5 in Shields
  1531 | D:3      | Found a hide-covered altar of Uskayaw.
  1805 | D:4      | Found a sand-covered staircase.
  1814 | Ossuary  | Entered an ossuary
  1857 | Ossuary  | Reached XP level 6. HP: 19/48 MP: 6/6
  2282 | D:4      | Found a runed translucent gate.
  2282 | D:4      | Found a runed translucent gate.
  2282 | D:4      | Found a runed translucent gate.
  2289 | D:4      | Noticed Name63's ghost (amateur DEWz)
  2291 | D:4      | Noticed an ogre
  2291 | D:4      | Noticed a phantom
  2300 | D:4      | Killed an ogre
  2300 | D:4      | Reached skill level 6 in Shields
  2321 | D:4      | Killed a phantom
  2321 | D:4      | Reached XP level 7. HP: 41/55 MP: 7/7
  2427 | D:4      | Killed Name63's ghost
  2542 | D:4      | Reached skill level 5 in Fighting
  2566 | D:4      | Reached skill level 5 in Armour
  2622 | D:4      | Found a staircase to the Ecumenical Temple.
  2649 | Temple   | Entered the Ecumenical Temple
  2684 | Temple   | Became a worshipper of Lugonu the Unformed
  2684 | Temple   | Reached * piety under Lugonu
  3496 | D:4      | Reached skill level 7 in Shields
  3601 | D:5      | Entered Level 5 of the Dungeon
  3626 | D:4      | Reached skill level 1 in Invocations
  3626 | D:4      | Reached XP level 8. HP: 49/62 MP: 8/8
  3943 | D:5      | Noticed a two-headed ogre
  3950 | D:5      | HP: 2/62 [two-headed ogre/cursed -3 giant spiked club (9)]
  3950 | D:5      | Mangled by a two-headed ogre

Skill      XL: |  1  2  3  4  5  6  7  8 |
---------------+-------------------------+-----
Shields        | 4 5 6 7 |  7.2
Dodging        | 1 2 3 |  3.0
Fighting       | 4 5 |  5.2
Armour         | 4 5 |  5.2
Invocations    | 1 |  1.3
Axes           | |  2.0

Action                   |  1- 3 |  4- 6 |  7- 9 || total
-------------------------+-------+-------+-------++-------
Melee: War axe           |    98 |   151 |   106 ||   355
       Spear             |       |       |   234 ||   234
 Abil: Dig               |       |     3 |     1 ||     4
  Use: Scroll            |       |       |    10 ||    10
  Eat: Chunk             |       |     4 |     8 ||    12
Armor: Scale mail        |    38 |    37 |       ||    75
       Chain mail        |       |    53 |   221 ||   274
Dodge: Dodged            |    30 |    54 |    76 ||   160
Block: Shield            |    55 |    94 |   218 ||   367
